 Dungeon Crawl Stone Soup version 0.28.0-49-g6dfe1f597d (webtiles) character file.

Game seed: 6395752212431203809

50512 klau3 the Severer (level 14, -2/132 HPs)
             Began as a Minotaur Berserker on May 13, 2022.
             Was a Priest of Trog.
             Slain by a tyrant leech (8 damage)
             ... on level 6 of the Lair of Beasts on May 14, 2022.
             The game lasted 01:20:10 (21418 turns).

klau3 the Severer (Minotaur Berserker)             Turns: 21418, Time: 01:20:11

Health: -2/132     AC: 28    Str: 24    XL:     14   Next: 20%
Magic:  13/13      EV: 10    Int:  4    God:    Trog [***...]
Gold:   1092       SH:  0    Dex: 13    Spells: 13/13 levels left

rFire   . . .      SeeInvis .   j - +2 battleaxe (elec)
rCold   . . .      Faith    .   (shield currently unavailable)
rNeg    + . .      Spirit   .   w - +1 crystal plate armour
rPois   .          Reflect  .   (helmet restricted)
rElec   .          Harm     .   k - +0 cloak
rCorr   .          Rampage  .   (no gloves)
Will    +....                   O - +0 pair of boots
Stlth   ..........              (no amulet)
HPRegen 0.00/turn               n - +4 ring of evasion
MPRegen 0.13/turn               C - ring of positive energy

@: mighty, about to teleport, on berserk cooldown, inhibited regen, slowed, very
slow
A: horns 2, retaliatory headbutt, sense surroundings 1, inhibited regeneration,
no potion heal 1
a: Renounce Religion, Berserk, Trog's Hand


You were on level 6 of the Lair of Beasts.
You worshipped Trog.
Trog was most pleased with you.
You visited 3 branches of the dungeon, and saw 17 of its levels.
You also visited: Ossuary and Bailey.

You collected 1092 gold pieces.

Inventory:

Hand Weapons
 a - a +1 hand axe
 g - a +3 vorpal flail
 j - a +2 battleaxe of electrocution (weapon)
 q - a +2 whip of flaming
 s - a +0 shortbow of freezing
 F - a +2 halberd of electrocution
 J - a +5 eveningstar
Missiles
 m - a throwing net
 p - 36 poisoned darts (quivered)
 t - 172 arrows
 M - 6 silver javelins
Armour
 b - a +0 animal skin
 e - a +0 plate armour
 k - a +0 cloak (worn)
 r - a +2 robe of positive energy
 w - a +1 crystal plate armour (worn)
 N - +0 steam dragon scales
 O - a +0 pair of boots (worn)
 R - +2 shadow dragon scales
Jewellery
 n - a +4 ring of evasion (left hand)
 v - a ring of ice
 C - a ring of positive energy (right hand)
 E - a ring of ice
 L - a ring of flight
 V - a ring of willpower
 W - the ring "Wyipesat" {*Slow rF+++ rC+++ rN+ EV+4}
   (You found it on level 6 of the Lair of Beasts)

   [ring of evasion]

   EV:        It affects your evasion (+4).
   rF:        It renders you almost immune to fire.
   rC:        It renders you almost immune to cold.
   rN:        It protects you from negative energy.
   *Slow:     It may slow you when you take damage.
Wands
 x - a wand of flame (38)
 D - a wand of charming (3)
 Q - a wand of mindburst (10)
 S - a wand of acid (4)
 U - a wand of digging (5)
Scrolls
 c - 13 scrolls of identify
 d - 3 scrolls of enchant armour
 f - 6 scrolls of fog
 y - a scroll of torment
 B - a scroll of teleportation
 P - a scroll of blinking
 T - 4 scrolls of enchant weapon
Potions
 h - 7 potions of curing
 i - 10 potions of brilliance
 l - 2 potions of degeneration
 o - a potion of berserk rage
 u - 2 potions of attraction
 z - 3 potions of mutation
 A - 2 potions of flight
 H - 5 potions of magic
 I - 2 potions of resistance
 K - a potion of cancellation


   Skills:
 + Level 14.2 Fighting
 + Level 20.5 Axes
 + Level 2.3(13.7) Maces & Flails
 + Level 1.2 Bows
 + Level 2.1 Throwing
 + Level 15.6 Armour
 + Level 2.8 Dodging
 + Level 0.8 Stealth
 + Level 2.0 Evocations


You had 13 spell levels left.
You didn't know any spells.
Your spell library contained the following spells:

 Spells                   Type           Power      Damage    Failure   Level
 Static Discharge         Conj/Air       0%         N/A       100%        2
 Call Canine Familiar     Summ           0%         N/A       100%        3
 Frozen Ramparts          Ice            0%         1d2       100%        3
 Portal Projectile        Hex/Tloc       0%         N/A       100%        3
 Animate Armour           Summ/Erth      0%         N/A       100%        4
 Ice Form                 Ice/Tmut       0%         N/A       100%        4
 Leda's Liquefaction      Hex/Erth       0%         N/A       100%        4
 Summon Ice Beast         Ice/Summ       0%         N/A       100%        4
 Blade Hands              Tmut           0%         N/A       100%        5
 Lightning Bolt           Conj/Air       0%         1d11      100%        5
 Dispersal                Tloc           0%         N/A       100%        6
 Iron Shot                Conj/Erth      0%         9d1       100%        6
 Disjunction              Tloc           0%         N/A       100%        8
 Maxwell's Capacitive Co  Air            0%         ∞         100%        8
 Chain Lightning          Conj/Air       0%         N/A       100%        9
 Fire Storm               Conj/Fire      0%         5d1       100%        9
 Shatter                  Erth           0%         3d5*      100%        9


Dungeon Overview and Level Annotations

Branches:
Dungeon (10/15)            Temple (0/1) D:4            Lair (6/6) D:10
 Shoals (0/4) Lair:3       Spider (0/4) Lair:3        Slime (1/5) Lair:5
Ossuary (visited)          Bailey (visited)
    Orc: D:9-12

Altars:
Cheibriados
Gozag
Nemelex Xobeh
Trog
Vehumet
Wu Jian

Shops:
D:2 ![!*   D:4 :

Annotations:
D:8 exclusion: statue
Lair:2 2 transporters
Lair:5 2 transporters, Mumum's ghost, journeyman DrFE


Innate Abilities, Weirdness & Mutations

You have a pair of horns on your head.
You reflexively headbutt those who attack you in melee.
You passively map a small area around you.
You do not regenerate when monsters are visible.
Potions are less effective at restoring your health.


Message History

The 13-headed hydra bites you! The 13-headed hydra bites you.
The 13-headed hydra bites you but does no damage.
The 13-headed hydra barely misses you.
The 13-headed hydra bites you but does no damage. x3
The 13-headed hydra closely misses you.
The 13-headed hydra bites you but does no damage.
The 13-headed hydra bites you. x2; The tyrant leech bites you.
The tyrant leech draws strength from your injuries!
The 13-headed hydra closely misses you.
The 13-headed hydra bites you but does no damage. x3
The 13-headed hydra barely misses you.
The 13-headed hydra bites you but does no damage. x5
The 13-headed hydra closely misses you. The 13-headed hydra bites you. x2
The tyrant leech completely misses you. You furiously retaliate!
You headbutt the tyrant leech.
You feel very mighty all of a sudden. The 13-headed hydra barely misses you.
You furiously retaliate!
You headbutt the 13-headed hydra! The 13-headed hydra bites you!
The 13-headed hydra bites you. The 13-headed hydra barely misses you.
The 13-headed hydra misses you.
The 13-headed hydra bites you but does no damage.
The 13-headed hydra bites you! The 13-headed hydra bites you. x2
The 13-headed hydra bites you!
* * * LOW HITPOINT WARNING * * *
The 13-headed hydra bites you but does no damage. x3
The tyrant leech bites you!!
* * * LOW HITPOINT WARNING * * *
The tyrant leech draws strength from your injuries!
As you read the scroll of teleportation, it crumbles to dust.
You feel strangely unstable.
The 13-headed hydra bites you but does no damage.
The 13-headed hydra barely misses you.
The 13-headed hydra bites you but does no damage. x5
The 13-headed hydra bites you!
* * * LOW HITPOINT WARNING * * *
The 13-headed hydra bites you but does no damage. x3
The 13-headed hydra barely misses you.
The 13-headed hydra bites you but does no damage.
The tyrant leech bites you!
You die...

...#≈.≈≈≈≈≈≈≈≈≈≈≈≈≈# ≈
...#..≈≈≈≈≈≈≈≈≈.≈.##≈≈≈≈≈
...#.≈≈≈≈≈#≈≈≈.≈≈≈## ≈≈≈≈
, ,
.....≈≈≈≈≈#≈≈.≈≈≈≈≈#≈≈≈≈#
,
...≈.≈≈≈≈##≈≈≈≈≈..≈#≈≈≈#
,
..÷.≈≈≈#####≈≈≈[.(≈≈≈##*
, .....≈≈P##≈≈≈≈≈().≈≈≈≈#
, ..÷÷.≈≈≈#≈≈≈≈#≈.w≈≈.≈≈#
≈ ,
..÷÷÷.≈≈≈≈≈≈≈#≈≈@≈.≈≈≈#
.÷.≈..≈≈≈≈≈≈≈##≈D.≈≈≈≈≈≈≈
≈ , .....≈≈≈≈≈≈≈.
#.≈≈≈≈≈≈≈≈≈ .......≈≈≈≈≈.
#≈≈≈≈≈≈≈≈≈≈ ......≈≈≈≈≈≈#
≈≈≈≈≈≈≈≈≈≈≈ ,
.....P.≈≈≈≈.#≈≈≈≈≈≈≈≈≈≈≈≈
, ,
......P.≈≈≈P#≈≈≈≈≈≈≈≈≈≈≈
, ,
......≈.≈≈≈###≈≈≈≈≈≈≈≈≈≈
, .........≈≈#* ,


You could see a 13-headed hydra and a tyrant leech (corroded).

Vanquished Creatures
  8 hydras
  2 catoblepae
  16 death yaks
  Urug (Lair:4)
  2 goliath frogs (Lair:6)
  Pikel (D:5)
  An orc knight (Bailey)
  2 oklob plants (Lair:5)
  3 black mambas
  9 elephants
  2 merfolk sirens (Lair:3)
  22 cane toads
  2 kobold demonologists (D:10)
  4 komodo dragons
  2 rime drakes
  A polar bear (Lair:5)
  2 tyrant leeches (Lair:6)
  2 merfolk (Lair:3)
  18 blink frogs
  5 dream sheep (Lair:6)
  A wraith (D:9)
  28 yaks
  5 wyverns
  A basilisk (Lair:2)
  3 steam dragons
  5 vampire mosquitoes (Lair:6)
  15 water moccasins
  An orc warrior (D:7)
  2 ice beasts
  4 black bears
  2 sky beasts (D:7)
  An ogre (D:6)
  A necrophage (D:4)
  3 wolves
  2 centaurs
  A lemure (D:5)
  A phantom (D:5)
  3 kobold brigands
  15 bullfrogs
  2 scorpions
  6 water moccasin zombies
  A water moccasin skeleton (D:4)
  5 killer bees (D:9)
  A vampire bat (D:3)
  2 electric eels
  3 centaur zombies
  2 jellies
  3 orc priests
  2 hounds (D:5)
  2 iguanas
  Ijyb (D:5)
  11 orc wizards
  Natasha (D:3)
  A killer bee zombie (D:5)
  A hound skeleton (D:5)
  2 mummies (Ossuary)
  2 howler monkey zombies
  14 gnolls
  A howler monkey skeleton (D:5)
  6 adders
  2 shadow imps
  3 white imps
  3 ufetubi
  6 adder zombies (Ossuary)
  4 worms (D:2)
  3 fire bats (D:3)
  38 orcs
  2 spectral bats (D:3)
  3 bat skeletons (D:3)
  A bat zombie (D:3)
  11 endoplasms
  A giant cockroach (D:1)
  4 gnoll zombies (Ossuary)
  13 hobgoblins
  3 jackals (D:2)
  18 kobolds
  3 quokkas
  6 ball pythons
  10 bats
  A bat simulacrum (D:3)
  2 frilled lizards
  10 goblins
  4 hobgoblin zombies (Ossuary)
  6 kobold zombies (Ossuary)
  2 orc zombies (Ossuary)
  A quokka zombie (D:8)
  7 rats
  A rat zombie (D:8)
436 creatures vanquished.

Vanquished Creatures (collateral kills)
  A hydra (Lair:4)
  A death yak (Lair:3)
  2 yaks (Lair:4)
  2 electric eels (Lair:4)
6 creatures vanquished.

Vanquished Creatures (others)
  93 fungi
  133 plants
  4 withered plants (D:1)
230 creatures vanquished.

Grand Total: 672 creatures vanquished

Notes
Turn   | Place    | Note
-------+----------+-------------------------------------------
     0 | D:1      | klau3 the Minotaur Berserker began the quest for the Orb.
     0 | D:1      | Reached XP level 1. HP: 19/19 MP: 0/0
   264 | D:1      | Reached XP level 2. HP: 27/27 MP: 1/1
   286 | D:1      | Reached skill level 4 in Axes
   638 | D:1      | Found a faded altar of an unknown god.
   755 | D:1      | Reached ** piety under Trog
   777 | D:1      | Reached XP level 3. HP: 31/33 MP: 2/2
  1028 | D:2      | Found Ipadaria's Antique Armour Boutique.
  1068 | D:2      | Found Kiny's Distillery.
  1383 | D:2      | Found Zuuretoi's Assorted Antiques.
  1413 | D:2      | Found Vullesh's Distillery.
  1612 | D:3      | Reached skill level 1 in Maces & Flails
  1612 | D:3      | Reached XP level 4. HP: 41/41 MP: 3/3
  2092 | D:3      | Noticed Natasha
  2099 | D:3      | Killed Natasha
  2100 | D:3      | Reached XP level 5. HP: 41/47 MP: 4/4
  2279 | D:3      | Reached *** piety under Trog
  2352 | D:3      | Reached skill level 5 in Axes
  2385 | D:3      | Reached XP level 6. HP: 54/55 MP: 5/5
  2833 | D:4      | Reached skill level 5 in Fighting
  3101 | D:4      | Found Ziyvas's Book Shop.
  3112 | D:4      | Found a staircase to the Ecumenical Temple.
  3165 | D:4      | Reached skill level 6 in Axes
  3165 | D:4      | Reached skill level 5 in Armour
  3435 | D:4      | You fall into a shaft and drop 1 floor!
  3435 | D:5      | Entered Level 5 of the Dungeon
  3440 | D:5      | Noticed Pikel
  3452 | D:5      | Killed Pikel
  3453 | D:5      | Reached skill level 7 in Axes
  3453 | D:5      | Reached XP level 7. HP: 51/63 MP: 6/6
  3476 | D:5      | Reached skill level 8 in Axes
  3476 | D:5      | Reached XP level 8. HP: 46/70 MP: 7/7
  3669 | D:5      | Identified 2 scrolls of acquirement
  3669 | D:5      | Acquired a +0 crystal plate armour
  3714 | D:5      | Noticed Ijyb
  3732 | D:5      | Killed Ijyb
  4066 | D:5      | Reached **** piety under Trog
  4502 | D:4      | Acquired a +2 battleaxe of electrocution
  4637 | D:4      | Reached skill level 9 in Axes
  5383 | D:6      | Found an opulent altar of Gozag.
  5988 | D:7      | Reached skill level 10 in Axes
  6035 | D:7      | Reached XP level 9. HP: 76/79 MP: 8/8
  6245 | D:7      | Reached skill level 11 in Axes
  6445 | D:7      | Found a flagged portal.
  6455 | Bailey   | Entered a bailey
  6704 | Bailey   | Noticed an orc knight
  6719 | Bailey   | Killed an orc knight
  7169 | D:7      | Reached skill level 12 in Axes
  7221 | D:8      | Found a sparkling altar of Nemelex Xobeh.
  7221 | D:8      | Found an ornate altar of the Wu Jian Council.
  7221 | D:8      | Found a snail-covered altar of Cheibriados.
  7247 | D:8      | Found a sand-covered staircase.
  7263 | Ossuary  | Entered an ossuary
  7384 | Ossuary  | Reached ***** piety under Trog
  7457 | D:8      | Reached XP level 10. HP: 90/90 MP: 9/9
  7557 | D:8      | Reached skill level 13 in Axes
  7766 | D:8      | Found a radiant altar of Vehumet.
  8657 | D:9      | Found a bloodstained altar of Trog.
  8785 | D:9      | Reached skill level 1 in Throwing
  9273 | D:10     | Entered Level 10 of the Dungeon
  9299 | D:10     | Reached skill level 14 in Axes
  9360 | D:10     | Gained mutation: You do not regenerate when monsters are
                  | visible. [potion of mutation]
  9360 | D:10     | Gained mutation: Potions are less effective at restoring
                  | your health. [potion of mutation]
  9360 | D:10     | Gained mutation: You passively map a small area around you.
                  | [potion of mutation]
  9368 | D:10     | Found a staircase to the Lair.
  9600 | D:10     | Reached skill level 10 in Armour
  9662 | Lair:1   | Entered Level 1 of the Lair of Beasts
  9768 | Lair:1   | Reached skill level 10 in Fighting
  9779 | Lair:1   | Noticed a cane toad
  9784 | Lair:1   | Killed a cane toad
  9785 | Lair:1   | Reached XP level 11. HP: 83/99 MP: 10/10
 10004 | Lair:1   | Reached skill level 15 in Axes
 10680 | Lair:2   | Noticed a death yak
 10681 | Lair:2   | Noticed a death yak
 10682 | Lair:2   | Noticed a death yak
 10682 | Lair:2   | Noticed a death yak
 10683 | Lair:2   | Noticed a death yak
 11414 | Lair:1   | Killed a death yak
 11969 | Lair:1   | Killed a death yak
 11970 | Lair:1   | Reached skill level 1 in Bows
 12123 | Lair:2   | Killed a death yak
 12124 | Lair:2   | Reached skill level 16 in Axes
 12236 | Lair:1   | Killed a death yak
 12331 | Lair:2   | Killed a death yak
 12528 | Lair:2   | Found a transporter.
 12581 | Lair:2   | Found a transporter.
 12937 | Lair:3   | Found a hole to the Spider Nest.
 12943 | Lair:3   | Noticed a death yak
 12943 | Lair:3   | Noticed a death yak
 12943 | Lair:3   | Noticed a death yak
 12944 | Lair:3   | Noticed a death yak
 12947 | Lair:3   | Noticed a death yak
 12947 | Lair:3   | Noticed a death yak
 12973 | Lair:2   | Killed a death yak
 12974 | Lair:2   | Reached XP level 12. HP: 110/110 MP: 11/11
 13145 | Lair:2   | Killed a death yak
 13150 | Lair:2   | Killed a death yak
 13454 | Lair:2   | Killed a death yak
 13455 | Lair:2   | Reached skill level 17 in Axes
 13455 | Lair:2   | Reached skill level 1 in Evocations
 13500 | Lair:3   | Killed a death yak
 13502 | Lair:3   | Killed a death yak
 13915 | Lair:3   | Noticed a death yak
 13923 | Lair:3   | Killed a death yak
 13942 | Lair:3   | Noticed a death yak
 13950 | Lair:3   | Noticed a death yak
 13950 | Lair:3   | Noticed a death yak
 13951 | Lair:3   | Noticed a death yak
 13951 | Lair:3   | Noticed a death yak
 13959 | Lair:3   | Killed a death yak
 13962 | Lair:3   | Killed a death yak
 14334 | Lair:3   | Found a staircase to the Shoals.
 14342 | Lair:2   | Killed a death yak
 14343 | Lair:2   | Reached skill level 18 in Axes
 14344 | Lair:2   | Killed a death yak
 14568 | Lair:2   | Killed a death yak
 14857 | Lair:3   | Noticed a four-headed hydra
 14868 | Lair:3   | Killed a ten-headed hydra
 14877 | Lair:3   | Noticed a six-headed hydra
 14895 | Lair:3   | Killed a nine-headed hydra
 15114 | Lair:3   | Reached XP level 13. HP: 119/119 MP: 12/12
 15704 | Lair:4   | Noticed Urug
 15714 | Lair:4   | Killed Urug
 16012 | Lair:4   | Reached skill level 19 in Axes
 16731 | Lair:5   | Found a staircase to the Slime Pits.
 16751 | Lair:5   | Noticed Mumum's ghost (journeyman DrFE)
 16766 | Lair:5   | Found a transporter.
 17083 | Lair:5   | Found a transporter.
 19332 | Slime:1  | Entered Level 1 of the Pits of Slime
 19332 | Slime:1  | Noticed an acid blob
 19417 | Lair:6   | Entered Level 6 of the Lair of Beasts
 19455 | Lair:6   | Reached skill level 20 in Axes
 19467 | Lair:6   | Reached skill level 15 in Armour
 19833 | Lair:6   | Found a frozen archway.
 19928 | Lair:6   | Reached XP level 14. HP: 61/130 MP: 13/13
 21404 | Lair:6   | Identified the ring "Wyipesat" {*Slow rF+++ rC+++ rN+ EV+4}
 21418 | Lair:6   | HP: 6/132 [13-headed hydra (10)]
 21418 | Lair:6   | Slain by a tyrant leech

Illustrated notes

Levels and vault maps discovered:
D:1:      dpeg_arrival_simpleton_b, layout_loops_ring,
          shapermc_ecumenical_altar_flowoftime
D:2:      layout_rooms, serial_shops, shop, nicolae_square_shop, shop, shop,
          minmay_tromino_v4_b
D:3:      layout_basic, interstate_on_off, goddamned_bats, uniq_natasha
D:4:      layout_loops_corners, minmay_temple_entry_mist, serial_shops,
          nicolae_shop_advertising_works [nicolae_subvault_shop_adworks],
          kennysheep_generic_room_14
D:5:      layout_loops_ring, uniq_pikel, uniq_ijyb
D:6:      layout_layer_cave, old_standard_altar
D:7:      layout_rooms, enter_bailey_3, minmay_puff
D:8:      layout_rooms, vehumet_statue, gammafunk_temple_overflow_forgotten,
          enter_ossuary_4, minivault_1, grunt_ministairs_10
D:9:      layout_loops_cross, mainiacjoe_overflow_boulevard
D:10:     layout_basic, due_lair_maze_entry_diamond
Lair:1:   layout_gridlike
Lair:2:   gammafunk_cloud_chamber, layout_cave_shapes, ldierk_geyser,
          chequers_serial_rivers_large_a, infiniplex_staircase_pool
Lair:3:   layout_roguey, elwin_shoals_entry_stream, spider_nest_entry_web_field,
          infiniplex_staircase_pool_2
Lair:4:   layout_gridlike, uniq_urug
Lair:5:   layout_regular_city, minmay_slime_entry_oklob_open,
          gammafunk_ghost_berserking_beasts, serial_bayou_ford_a
Lair:6:   minmay_lair_end_frog_pond, layout_regular_city,
          portal_ice_cave_entry_pillars_1
Slime:1:  layout_caves

Skill      XL: |  1  2  3  4  5  6  7  8  9 10 11 12 13 14 |
---------------+-------------------------------------------+-----
Axes           | 4 5 7 8 10 12 14 16 18 20 | 20.5
Fighting       | 4 6 7 8 10 11 12 13 14 | 14.2
Armour         | 3 4 6 7 9 10 12 13 15 | 15.6
Maces & Flails | 1 2 |  2.3
Throwing       | 1 2 |  2.1
Bows           | 1 |  1.2
Evocations     | 1 2 |  2.0
Dodging        | |  2.8
Stealth        | |  0.8

Action                   |  1- 3 |  4- 6 |  7- 9 | 10-12 | 13-15 || total
-------------------------+-------+-------+-------+-------+-------++-------
Melee: Hand axe          |    63 |   149 |    64 |       |       ||   276
       Headbutt          |    16 |    24 |    48 |    73 |    71 ||   232
       Flail             |    32 |       |       |       |       ||    32
       Battleaxe         |       |       |   191 |   298 |   268 ||   757
       Punch             |       |       |     2 |       |       ||     2
 Fire: Shortbow          |       |       |       |     4 |       ||     4
Throw: Dart              |       |       |     6 |     6 |     5 ||    17
Invok: Berserk           |     3 |     4 |    10 |    28 |    17 ||    62
       Trog's Hand       |       |     1 |       |     2 |       ||     3
       Brothers in Arms  |       |       |       |     1 |     2 ||     3
Evoke: Wand              |       |       |       |     5 |     9 ||    14
  Use: Scroll            |       |       |     9 |    11 |     3 ||    23
       Potion            |       |       |     3 |    14 |     8 ||    25
Armor: Plate armour      |    62 |   163 |     4 |       |       ||   229
       Crystal plate arm |       |       |   194 |   228 |   320 ||   742
Dodge: Dodged            |    42 |    71 |   106 |   153 |   184 ||   556
